 Dungeon Crawl Stone Soup version 0.31-a0-145-g046c7d2549 (webtiles) character file.

Game seed: 9356184525490705065

1014 qw the Skirmisher (level 8, -7/70 HPs)
             Began as a Minotaur Hunter on June 7, 2023.
             Mangled by an orc warrior
             ... wielding a +0 glaive
              (17 damage)
             ... on level 5 of the Dungeon.
             The game lasted 00:01:58 (4074 turns).

qw the Skirmisher (Minotaur Hunter)                 Turns: 4074, Time: 00:01:58

Health: -7/70      AC:  7    Str: 15    XL:     8   Next: 1%
Magic:  7/7        EV: 13    Int:  6    God:
Gold:   352        SH:  0    Dex: 17    Spells: 7/7 levels left

rFire   . . .        Y - +2 shortbow
rCold   . . .        (shield currently unavailable)
rNeg    + . .        m - +2 robe {rN+}
rPois   .            (helmet restricted)
rElec   .            (no cloak)
rCorr   .            l - +2 pair of gloves
SInv    .            (no boots)
Will    .....        (no amulet)
Stlth   ++           (no ring)
HPRegen 0.31/turn    (no ring)
MPRegen 0.10/turn

%: no passive effects
@: about to teleport
A: horns 2, retaliatory headbutt
a: no special abilities


You were on level 5 of the Dungeon.
You visited 1 branch of the dungeon, and saw 5 of its levels.
You also visited: Sewer.

You collected 352 gold pieces.


Innate Abilities, Weirdness & Mutations

You have a pair of horns on your head.
You reflexively headbutt those who attack you in melee.


   Skills:
 - Level 6.1 Fighting
 - Level 9.2 Ranged Weapons
 - Level 2.2 Armour
 + Level 3.2 Dodging
 - Level 0.7 Stealth


You had 7 spell levels left.
You didn't know any spells.
Your spell library was empty.

Inventory:

Hand Weapons
 Y - a +2 shortbow (weapon)
Armour
 l - a +2 pair of gloves (worn)
 m - a +2 robe of positive energy (worn)
Jewellery
 j - a ring of ice
Scrolls
 a - a scroll of identify
 o - a scroll of enchant armour
Potions
 b - a potion of cancellation
 c - 2 potions of might
 d - a potion of mutation
 e - a potion of enlightenment {unknown}
 f - 3 potions of curing
 g - 2 potions of haste
 k - a potion of degeneration {unknown}
 n - a potion of resistance

Dungeon Overview and Level Annotations

Branches:
Dungeon (5/15)              Sewer (visited)
 Temple: D:4-7

Altars:
Cheibriados
Gozag
Yredelemnul


Message History

An orc comes into view. It is wielding a +0 mace.
The orc priest barely misses you. You furiously retaliate!
You headbutt the orc priest. You shoot an arrow. The orc shouts!
The arrow hits the orc priest but does no damage.
The orc priest is almost dead.
The orc priest barely misses you. You furiously retaliate!
You headbutt the orc priest.
An orc warrior comes into view. It is wielding a +0 glaive.
The orc priest misses you. You furiously retaliate!
You headbutt the orc priest!
You kill the orc priest!
You shoot an arrow. The arrow hits the orc priest.
The orc priest is lightly wounded.
The orc priest invokes the aid of Beogh against you.
Beogh smites you!
4068 ||| Stepping ~*~*~tactically~*~*~ (outnumbered).
The orc priest hits you with a +0 club.
You shoot an arrow. The arrow hits the orc priest.
The orc priest is heavily wounded.
The orc hits you but does no damage. The orc priest barely misses you.
You shoot an arrow. The arrow hits the orc priest!
You kill the orc priest!
The orc closely misses you.
You have reached level 8!
You feel agile.
You shoot an arrow. The arrow hits the orc.
The orc is heavily wounded.
The orc hits you with a +0 hand axe.
You shoot an arrow. The arrow hits the orc.
The orc is almost dead.
The orc warrior hits you from afar with a +0 glaive!
The orc closely misses you.
You shoot an arrow. The arrow hits the orc!
You kill the orc!
The orc warrior hits you from afar with a +0 glaive!!
4074 ||| READING scroll of teleportation.
As you read the scroll of teleportation, it crumbles to dust.
You feel strangely unstable.
The orc warrior hits you from afar with a +0 glaive!
You die...

...........##
.........##.##
.............##
..............#
#...........<#
#.....|......# #
#......>...###8##
#..#........#
.oo# .
####...@)#..##
........)oo..#
..#..<...)#).##
#.......#...)#
.........# #8##
........... #
..###.......
#....... ........


You could see an orc warrior and an orc.

Vanquished Creatures
  Grinder (D:3)
  A phantom (D:4)
  2 bullfrogs (Sewer)
  A howler monkey (D:4)
  A hound (D:4)
  A jelly (D:4)
  2 orc priests (D:5)
  A sleepcap (D:4)
  An orc wizard (D:4)
  Natasha (thrice) (D:3)
  Robin (D:4)
  4 river rats (Sewer)
  14 adders
  A worm (D:3)
  5 dart slugs
  10 orcs
  3 bats (D:1)
  11 endoplasms
  2 giant cockroaches (D:2)
  9 goblins
  15 hobgoblins
  12 jackals
  2 quokkas
  18 ball pythons
  6 frilled lizards
  4 kobolds
  30 rats
161 creatures vanquished.

Notes
Turn   | Place    | Note
-------+----------+-------------------------------------------
     0 | D:1      | qw the Minotaur Hunter began the quest for the Orb.
     0 | D:1      | Reached XP level 1. HP: 18/18 MP: 0/0
     0 | D:1      | 0 ||| qw: Version: 0.2-a-117-gc6b5c8b
     0 | D:1      | 0 ||| qw: Game counter: 2531
     0 | D:1      | 0 ||| qw: Always use a shield: true
     0 | D:1      | 0 ||| qw: God list: Okawaru
     0 | D:1      | 0 ||| qw: Allow faded altars: false
     0 | D:1      | 0 ||| qw: Do Orc after D:15 true
     0 | D:1      | 0 ||| qw: Do second Lair branch before Depths: true
     0 | D:1      | 0 ||| qw: Lair rune preference: random
     0 | D:1      | 0 ||| qw: Plans: Normal
     0 | D:1      | 0 ||| PLANNING D:1-11
   172 | D:1      | Reached XP level 2. HP: 25/25 MP: 1/1
   179 | D:1      | Reached skill level 5 in Ranged Weapons
   404 | D:1      | Reached skill level 3 in Fighting
   564 | D:1      | Reached XP level 3. HP: 31/31 MP: 2/2
   821 | D:1      | 821 ||| UPGRADING to +0 ring mail.
   831 | D:1      | 831 ||| DROPPING +0 leather armour.
   832 | D:1      | 832 ||| READING scroll labelled YCAERIWEHO.
   833 | D:1      | 833 ||| READING scroll labelled DAVVIWKOSO.
   834 | D:1      | 834 ||| DRINKING 2 fuming amethyst potions.
   835 | D:1      | 835 ||| DROPPING scroll of butterflies.
   895 | D:2      | Reached skill level 1 in Armour
   970 | D:2      | Reached XP level 4. HP: 28/38 MP: 3/3
  1474 | D:2      | Found a faded altar of an unknown god.
  1744 | D:2      | 1744 ||| READING 5 scrolls labelled NUORCHILEMU.
  1745 | D:2      | 1745 ||| READING scroll labelled SEKLEUSIEBY.
  1746 | D:2      | 1746 ||| DRINKING 5 smoky blue potions.
  1747 | D:2      | 1747 ||| READING 4 scrolls of identify.
  1747 | D:2      | 1747 ||| IDENTIFYING puce potion
  1748 | D:2      | 1748 ||| READING 3 scrolls of identify.
  1748 | D:2      | 1748 ||| IDENTIFYING lumpy clear potion
  1749 | D:2      | 1749 ||| READING 2 scrolls of identify.
  1749 | D:2      | 1749 ||| IDENTIFYING murky white potion
  1750 | D:2      | 1750 ||| DROPPING potion of magic.
  1752 | D:2      | 1752 ||| Stepping ~*~*~tactically~*~*~ (cloud).
  1850 | D:3      | 1850 ||| PLANNING SEWER
  1871 | D:3      | Reached skill level 6 in Ranged Weapons
  1907 | D:3      | Noticed Grinder
  1915 | D:3      | Paralysed by Grinder for 3 turns
  1918 | D:3      | Killed Grinder
  1919 | D:3      | Reached skill level 6 in Fighting
  1919 | D:3      | Reached XP level 5. HP: 49/50 MP: 4/4
  1919 | D:3      | Reached XP level 6. HP: 56/57 MP: 5/5
  2089 | D:3      | Noticed Natasha
  2094 | D:3      | Killed Natasha
  2157 | D:3      | Noticed Natasha
  2165 | D:3      | Killed Natasha
  2176 | D:3      | Noticed Natasha
  2192 | D:3      | Killed Natasha
  2513 | D:3      | Found a glowing drain.
  2514 | D:3      | 2514 ||| UPGRADING to +0 pair of gloves.
  2519 | D:3      | 2519 ||| READING scroll labelled VUMNAGIMIORGHE.
  2522 | D:3      | 2522 ||| DRINKING 2 fuming ruby potions.
  2583 | Sewer    | Entered a sewer
  2724 | Sewer    | Reached skill level 7 in Ranged Weapons
  2909 | Sewer    | Reached XP level 7. HP: 63/63 MP: 6/6
  2920 | Sewer    | HP: 15/63 [bullfrog (5)]
  2921 | Sewer    | 2921 ||| DRINKING potion of heal wounds.
  2933 | Sewer    | Reached skill level 8 in Ranged Weapons
  3080 | Sewer    | 3080 ||| READING 3 scrolls labelled XECUETAMNI.
  3081 | Sewer    | 3081 ||| READING 2 scrolls of enchant armour.
  3081 | Sewer    | 3081 ||| ENCHANTING +0 pair of gloves.
  3082 | Sewer    | 3082 ||| READING scroll of enchant armour.
  3082 | Sewer    | 3082 ||| ENCHANTING +1 pair of gloves.
  3083 | Sewer    | 3083 ||| READING scroll labelled ECWOTALUIN.
  3084 | Sewer    | 3084 ||| READING scroll labelled BIDUCODYAGH.
  3085 | Sewer    | 3085 ||| READING scroll labelled RAOLAGG MAZATE.
  3086 | Sewer    | 3086 ||| DRINKING 2 bubbling red potions.
  3090 | D:3      | 3090 ||| PLANNING D:1-11
  3381 | D:3      | Found a basalt altar of Yredelemnul.
  3413 | D:3      | Found a snail-covered altar of Cheibriados.
  3529 | D:4      | Found an opulent altar of Gozag.
  3587 | D:4      | 3587 ||| FLEEEEING.
  3588 | D:4      | 3588 ||| FLEEEEING.
  3589 | D:4      | 3589 ||| FLEEEEING.
  3590 | D:4      | 3590 ||| FLEEEEING.
  3591 | D:4      | 3591 ||| FLEEEEING.
  3592 | D:4      | 3592 ||| FLEEEEING.
  3593 | D:4      | 3593 ||| FLEEEEING.
  3594 | D:4      | 3594 ||| FLEEEEING.
  3595 | D:4      | 3595 ||| FLEEEEING.
  3596 | D:4      | 3596 ||| FLEEEEING.
  3600 | D:4      | Reached skill level 3 in Dodging
  3608 | D:4      | 3608 ||| DRINKING 5 potions of curing.
  3608 | D:4      | 3608 ||| (to cure confusion)
  3614 | D:4      | 3614 ||| DRINKING 4 potions of curing.
  3614 | D:4      | 3614 ||| (to cure confusion)
  3636 | D:4      | 3636 ||| FLEEEEING.
  3637 | D:4      | 3637 ||| FLEEEEING.
  3640 | D:4      | 3640 ||| FLEEEEING.
  3641 | D:4      | 3641 ||| FLEEEEING.
  3642 | D:4      | 3642 ||| FLEEEEING.
  3643 | D:4      | 3643 ||| FLEEEEING.
  3644 | D:4      | 3644 ||| FLEEEEING.
  3645 | D:4      | 3645 ||| FLEEEEING.
  3646 | D:4      | 3646 ||| FLEEEEING.
  3648 | D:4      | 3648 ||| FLEEEEING.
  3649 | D:4      | 3649 ||| STAIRDANCE
  3699 | D:3      | 3699 ||| READING 2 scrolls of identify.
  3699 | D:3      | 3699 ||| IDENTIFYING black potion
  3709 | D:4      | Noticed Robin
  3723 | D:4      | Killed Robin
  3772 | D:4      | 3772 ||| READING scroll of enchant weapon.
  3772 | D:4      | 3772 ||| ENCHANTING +1 shortbow.
  3784 | D:4      | Reached skill level 9 in Ranged Weapons
  4017 | D:4      | 4017 ||| UPGRADING to +2 robe of positive energy.
  4027 | D:4      | 4027 ||| DROPPING +0 ring mail.
  4040 | D:5      | Entered Level 5 of the Dungeon
  4068 | D:5      | 4068 ||| Stepping ~*~*~tactically~*~*~ (outnumbered).
  4071 | D:5      | Reached XP level 8. HP: 41/70 MP: 7/7
  4073 | D:5      | HP: 10/70 [orc warrior/+0 glaive (20)]
  4074 | D:5      | 4074 ||| READING scroll of teleportation.
  4074 | D:5      | Mangled by an orc warrior

Levels and vault maps discovered:
D:1:      dpeg_arrival_windows_large_door, layout_loops_ring, serial_forest,
          infiniplex_forest_lined_room_2, infiniplex_forest_end_1,
          infiniplex_forest_straight_1, infiniplex_forest_join,
          infiniplex_forest_lined_ring, infiniplex_forest_zigzag_1,
          minmay_liquid_box
D:2:      layout_basic, serial_glass, glass_columns_a, glass_columns_a,
          shapermc_ecumenical_altar_mp_vishouse
D:3:      layout_basic, mainiacjoe_overflow_two_lobes, gup_sewer_entry_bowl,
          uniq_natasha, uniq_grinder
D:4:      layout_rooms, nicolae_gozag_cash_rules_everything_around_me,
          minmay_crossroads, uniq_robin
D:5:      layout_cave_pools, grunt_decor_resistance, hangedman_decor_push,
          grunt_ministairs_13, pf_guarded_unrand_meek, uniq_edmund,
          uniq_eustachio, uniq_crazy_yiuf_cottage, uniq_blork_the_orc

Skill      XL: |  1  2  3  4  5  6  7 |
---------------+----------------------+-----
Ranged Weapons | 5 6 7 9 |  9.2
Fighting       | 3 6 |  6.1
Armour         | 1 2 |  2.2
Dodging        | 3 |  3.2
Stealth        | |  0.7

Action                     |  1- 3 |  4- 6 |  7- 9 || total
---------------------------+-------+-------+-------++-------
   Fire: Shortbow          |    92 |   235 |   165 ||   492
    Use: Scroll            |     2 |     6 |     9 ||    17
         Potion            |     1 |     2 |     4 ||     7
 Armour: Leather armour    |     1 |       |       ||     1
         Ring mail         |     9 |    43 |    74 ||   126
         Robe              |       |       |     2 ||     2
  Dodge: Dodged            |    13 |    76 |    88 ||   177

Table legend:
 A = Non-vault XP
 B = Vault XP
 C = Vault XP percentage of total XP
 D = Non-vault monster count
 E = Vault monster count
 F = Vault count percentage of total count
                 A         B        C        D         E       F
            +---------+---------+-------+---------+---------+-------
      Total |     600 |     849 |  58.6 |      88 |      73 |  45.3
            +---------+---------+-------+---------+---------+-------
        D:1 |      48 |       0 |   0.0 |      27 |       0 |   0.0
        D:2 |      70 |       0 |   0.0 |      26 |       0 |   0.0
        D:3 |     114 |     308 |  73.0 |      18 |       5 |  21.7
        D:4 |     368 |      37 |   9.1 |      17 |      12 |  41.4
        D:5 |       0 |     100 | 100.0 |       0 |       8 | 100.0
      Sewer |       0 |     404 | 100.0 |       0 |      48 | 100.0
            +---------+---------+-------+---------+---------+-------
